[Event "Superbet Blitz Poland 2023"]
[Site "Warsaw"]
[Date "2023.05.24"]
[Round "1"]
[White "Carlsen, Magnus"]
[Black "Vachier-Lagrave, Maxime"]
[Result "1-0"]
[ECO "A37"]
[WhiteElo "2853"]
[BlackElo "2742"]
[Annotator "TA"]
[PlyCount "89"]
[EventDate "2023.05.24"]
[EventType "tourn"]
[EventCountry "POL"]
[SourceTitle "playchess.com"]
[Source "ChessBase"]
[SourceQuality "1"]
[TimeControl "300+2"]

1. Nf3 {[%emt 0:00:01] Sumets,Andrey} c5 2. c4 Nc6 3. Nc3 e5 4. g3 g6 5. Bg2 Bg7 6. d3 d6 7. O-O Nge7 8. a3 a5 9. Rb1 O-O 10. Bg5 Be6 {[%emt 0:00:11] A37: Symmetrical English vs ...g6: 4 Bg2 Bg7 5 Nf3.} 11. Bxe7 Qxe7 12. Nd2 {[%emt 0:00:06] [#]} f5 $146 {[%emt 0:00:08] The position is equal.} ({Predecessor:} 12... Rfc8 13. Nd5 Qd8 14. b4 axb4 15. axb4 Bxd5 16. Bxd5 cxb4 17. Ne4 Rc7 18. Qd2 Kh8 {0-1 Carlsen,M (2868)-Wang,H (2743) Norway Chess 1st 2013 (8)}) 13. Nd5 Qf7 (13... Qd8 $11) 14. b4 $14 axb4 15. axb4 cxb4 16. Nxb4 Rfc8 17. Nd5 Ra7 18. e3 h5 19. Nf3 {[%emt 0:00:05] [#] Black must now prevent Ng5. Excellent horsemanship.} Bh6 {[%emt 0:00:10] Repels Ng5} (19... Bxd5 $2 20. Nxe5 Qe8 21. Bxd5+ Kh7 22. Nf3 $18) 20. h4 Kg7 (20... Bxd5 $2 21. Nxe5 Qe8 22. Bxd5+ Kh7 23. Nf7 $18) 21. Rb5 Ne7 22. Qb3 {[%emt 0:00:22] White is more active.} Bxd5 23. cxd5 Rc7 24. Nd2 Nc8 25. Nc4 Kh7 26. Bh3 Qf6 27. e4 Ne7 28. Qb4 Nc8 29. Ra5 {[%emt 0:00:18] Dodges b6} Rxa5 30. Qxa5 Rf7 31. Qa8 {[%emt 0:00:09] Black is weak on the light squares} (31. Qa4 $18) 31... Ne7 $2 {[%emt 0:00:02] A mistake that costs the game.} (31... b5 $16) 32. Qb8 $18 ({Not} 32. Qxb7 Ng8 33. Qb6 Bf8 $18) 32... b5 33. Nxd6 (33. Qxb5 Bf8 34. Qb6 Ng8 $18) 33... Rf8 34. Qc7 ({Weaker is} 34. Qxb5 Qxd6 35. Ra1 fxe4 36. dxe4 Qc7 $17) 34... Bg7 35. Nxb5 f4 36. Qd6 fxg3 (36... Ng8 $142 37. Qc5 Rb8) 37. Qxf6 Rxf6 38. fxg3 Rb6 39. d6 Nc6 40. Nc7 Rb3 $2 (40... Nd8 41. d7 Bh6) 41. Ne6 {[%emt 0:00:08] [#] Strongly threatening Rf7. White is clearly winning.} Bh6 42. Rf7+ Kg8 43. Rc7 Be3+ 44. Kf1 Nb4 45. d7 {[%emt 0:00:04] Weighted Error Value: White=0.14 (very precise) /Black=0.39} (45. Ng5 $142 Bxg5 46. Be6+ Kf8 47. Bxb3) 1-0

[Event "Superbet Blitz Poland 2023"]
[Site "Warsaw"]
[Date "2023.05.24"]
[Round "1"]
[White "Giri, Anish"]
[Black "Aronian, Levon"]
[Result "1-0"]
[ECO "C54"]
[WhiteElo "2768"]
[BlackElo "2745"]
[Annotator "TA"]
[PlyCount "151"]
[EventDate "2023.05.24"]
[EventType "tourn"]
[EventCountry "POL"]
[SourceTitle "playchess.com"]
[Source "ChessBase"]
[SourceQuality "1"]
[TimeControl "300+2"]

1. e4 e5 2. Nf3 Nc6 3. Bc4 Bc5 4. O-O Nf6 (4... d6 5. c3 Qf6 6. b4 Bb6 7. a4 a6 8. d3 Nge7 9. Be3 O-O 10. Nbd2 Bxe3 11. fxe3 Qh6 12. Qe2 Kh8 13. d4 Ng6 14. b5 Na5 15. Ba2 f5 16. exf5 Bxf5 17. dxe5 dxe5 18. Bb1 Qh5 19. Be4 Nh4 20. bxa6 Rxa6 21. Bxf5 Nxf5 {1-0 Giri,A (2760)-Aronian,L (2775) Miami FTX Crypto Cup rapid 2022 (5.2)}) 5. d3 d6 6. c3 a5 {[%emt 0:00:07] The modern move. C54: Giuoco Piano: 4 c3 Nf6, main lines with 5 d4 and 5 d3.} 7. Re1 (7. Bg5 $5 ) 7... Ba7 8. Nbd2 O-O {[%emt 0:00:09] The position is equal.} 9. h3 Be6 10. Bb5 Ne7 11. d4 Ng6 12. Ba4 c6 13. Bc2 b5 14. a4 b4 15. Nf1 {[%emt 0:00:02][%cal Bd2f1,Bf1g3,Bg3f5][%mdl 32] [#]} Qc7 $146 ({Predecessor:} 15... Rb8 16. Ng3 h6 17. Be3 Qc7 18. Qc1 Kh7 19. Nf5 Ng8 20. h4 f6 21. h5 Nh8 {½-½ Cheparinov,I (2661)-Suleymanli,A (2552) EU-ch 23rd Vrnjacka Banja 2023 (10)}) 16. Ng3 c5 17. d5 Bd7 18. c4 Kh8 19. Nf5 Rae8 20. g4 Bb6 21. Be3 Qb8 22. Qd2 Bd8 23. b3 Ne7 24. Kh1 Nfg8 25. Rg1 g6 26. Ng3 {[%emt 0:00:16] White is much more active.} Qc8 ({Black should try} 26... Qc7) 27. Nh2 $16 f6 28. f4 exf4 29. Bxf4 Bc7 30. Raf1 g5 31. Be3 Ng6 32. Rf2 Bd8 33. Rgf1 Be7 34. Nh5 Ne5 35. Nf3 h6 36. Ng3 Bd8 (36... Qb7 {was necessary.} 37. Kg2 Bc8) 37. Nxe5 $18 dxe5 38. Nf5 Bxf5 39. gxf5 (39. exf5 e4 40. d6 Qc6 $18) (39. Rxf5 Rf7 40. Qf2 Be7 $18) 39... Kg7 {[%emt 0:00:04] Black is weak on the light squares} 40. Bd1 Re7 41. Bh5 Rd7 {[%emt 0:00:02] [#]} 42. h4 $1 Be7 (42... Rb7 43. Rh2) 43. Rg2 Qd8 44. Qe2 Bd6 45. Rfg1 Kh8 46. Bg6 {[%emt 0:00:02][%cal Rh4g5] aiming for hxg5.} Ne7 47. Qh5 (47. hxg5 $142 Nxg6 48. fxg6 fxg5 49. Qh5) 47... Nxg6 48. fxg6 Kg7 49. Rh2 (49. hxg5 $142 fxg5 50. Bxg5 Qxg5 51. Rxg5 Be7 52. Rxe5 Rf4 53. Qh3 Rb7 54. Rh5) 49... Rh8 50. Rf1 {[%emt 0:00:03] Hoping for hxg5.} Qe8 51. hxg5 fxg5 52. Qg4 Re7 (52... Rb7 $142 53. Rhf2 Rf8) 53. Rf5 Qxg6 {[%emt 0:00:01] [#]} 54. Bxg5 $1 Rf7 {[%emt 0:00:06] [#] Wards off Bf6+} (54... hxg5 55. Rxg5) 55. Bxh6+ $4 Rxh6 $19 56. Rg5 {[%cal Oh2h6] [#] White threatens Rxh6! and mate.} Rf6 $4 57. Rxh6 $18 Kxh6 58. Rxg6+ Rxg6 {[%emt 0:00:00][%mdl 4096] Endgame KQ-KRB} 59. Qh4+ Kg7 {[%emt 0:00:01] ...Rh6 would be deadly.} 60. Qd8 Kh6 61. Qxa5 Kg5 62. Qd8+ Kf4 63. Qh4+ Ke3 64. a5 Kd4 65. a6 Bb8 66. Qf2+ Kc3 67. Qxc5 Rxa6 68. Qb5 Ra1+ 69. Kg2 Ba7 70. c5 {[%emt 0:00:01] And now d6 would win.} Kxb3 71. d6 {[%emt 0:00:02] White mates.} Ra2+ 72. Kf3 Rd2 73. Qa5 Bb8 74. Qb6 Kc3 75. Qxb8 b3 76. c6 {[%emt 0:00:02] What a bad dream for Black. A cool game by Giri.   Weighted Error Value: White=0.45/Black=0.43} 1-0

[Event "Superbet Blitz Poland 2023"]
[Site "Warsaw"]
[Date "2023.05.24"]
[Round "1"]
[White "Deac, Bogdan-Daniel"]
[Black "Shevchenko, Kirill"]
[Result "0-1"]
[ECO "A38"]
[WhiteElo "2700"]
[BlackElo "2684"]
[Annotator "TA"]
[PlyCount "83"]
[EventDate "2023.05.24"]
[EventType "tourn"]
[EventCountry "POL"]
[SourceTitle "playchess.com"]
[Source "ChessBase"]
[SourceQuality "1"]
[TimeControl "300+2"]

1. Nf3 Nf6 2. b3 g6 3. Bb2 Bg7 4. g3 c5 5. c4 d6 6. Bg2 Nc6 7. O-O O-O 8. Nc3 Bf5 ({Black should play} 8... Ne4 $11) 9. h3 {[%emt 0:00:13] A38: Symmetrical English vs ...g6: 4 Bg2 Bg7 5 Nf3 Nf6.} (9. d4 $14) 9... Ne4 10. Na4 {[%emt 0:00:30] [#]} Nf6 $146 ({Predecessor:} 10... Bxb2 11. Nxb2 Nf6 12. d4 cxd4 13. Nxd4 Bd7 14. Qd2 Nxd4 15. Qxd4 Bc6 16. Rfd1 Qa5 {1-0 Jacobsen,B-Rosenlund,T Aarhus VRS Solskinsturnering-02 1975 (5)}) 11. d4 {[%emt 0:01:27] White is slightly better.} cxd4 12. Nxd4 Bd7 13. Nf3 Rc8 14. Rc1 Qa5 15. a3 Rfd8 16. Bc3 Qc7 (16... Qa6 $5 ) 17. Nb2 Qb8 18. Nd3 a5 19. a4 e5 {[%emt 0:00:04] aiming for ...e4.} 20. Nd2 Be6 21. e4 Nd7 22. Ne1 Nc5 23. Nc2 Bh6 24. Ne3 {[%emt 0:00:03] [#]} (24. Rb1 $11 {keeps the balance.}) 24... Nd4 {[%emt 0:00:04] Black has more active pieces.} (24... Bxe3 $1 $17 25. fxe3 Rf8) 25. Rb1 (25. Bxa5 $14 Re8 26. Rb1) 25... b6 26. Kh2 Rf8 27. Ng4 Bg7 28. Ne3 h5 29. h4 Bh6 30. Nf3 $2 (30. f4 $11 {and White has nothing to worry.}) 30... Nxf3+ $2 ({Weaker is} 30... Nxe4 31. Bxd4 exd4 32. Qxd4 $14) ({Better is} 30... Bxe3 $19 31. fxe3 Ndxb3) 31. Bxf3 (31. Qxf3 $11 Qc7 32. Rfd1) 31... Bxe3 $17 32. fxe3 Qc7 33. Bg2 Qe7 34. Qc2 Bd7 35. Rbd1 Bc6 36. Bb2 Rcd8 37. Ba3 Qe6 38. Rd2 Qg4 (38... Kg7 $15 {was preferrable.}) 39. Bxc5 $11 dxc5 40. Rdf2 {[%emt 0:00:04] [#]} (40. Rf6 $11 {remains equal.} Qc8 41. Qd1 Rxd2 42. Qxd2) 40... Rd6 $1 $17 41. Rf6 Rfd8 (41... Qd7 $17) 42. Rxd6 $2 {[%emt 0:00:05] Weighted Error Value: White=0.33/Black=0.32} (42. Rxf7 $11 Qe6 43. Qf2) 0-1

[Event "Superbet Blitz Poland 2023"]
[Site "Warsaw"]
[Date "2023.05.24"]
[Round "1"]
[White "Wojtaszek, Radoslaw"]
[Black "So, Wesley"]
[Result "1/2-1/2"]
[ECO "D37"]
[WhiteElo "2670"]
[BlackElo "2760"]
[Annotator "TA"]
[PlyCount "81"]
[EventDate "2023.05.24"]
[EventType "tourn"]
[EventCountry "POL"]
[SourceTitle "playchess.com"]
[Source "ChessBase"]
[SourceQuality "1"]
[TimeControl "300+2"]

1. d4 Nf6 2. c4 e6 3. Nf3 d5 4. Nc3 Be7 5. Bf4 O-O 6. e3 Nbd7 7. Be2 dxc4 8. O-O c5 9. dxc5 Nxc5 10. Bxc4 Qxd1 {[%emt 0:00:02] D37: Queen's Gambit Declined: 5 Bf4.} 11. Rfxd1 b6 12. Bd6 Bxd6 13. Rxd6 Bb7 14. Rad1 Bxf3 15. gxf3 Nb7 {[%emt 0:00:03] Black is weak on the light squares} 16. R6d4 Rfd8 17. f4 Kf8 18. Be2 Rxd4 19. Rxd4 Rc8 {[%emt 0:00:19] [#]} 20. Ba6 $146 ({Predecessor:} 20. Bf3 Nc5 21. Nb5 a5 22. Na7 Rc7 23. Nc6 Rd7 24. Rxd7 Nfxd7 25. Kf1 Nd3 26. b3 {½-½ Le,Q (2709)-So,W (2772) Aimchess US Rapid Prelim 2021 (4)}) 20... Rc7 21. Bxb7 Rxb7 $11 {[%emt 0:00:01][%mdl 4096] Endgame KRN-KRN} 22. Rd8+ Ke7 23. Ra8 b5 24. Kf1 h6 25. h4 b4 26. Ne2 b3 27. axb3 Ne4 28. Nd4 Kf6 29. Kg2 g5 {[%emt 0:00:10] The position is equal.} 30. hxg5+ hxg5 31. fxg5+ Kxg5 32. f4+ Kh6 33. Kf3 Nd2+ 34. Ke2 Nxb3 35. Nxb3 Rxb3 36. Rxa7 Rxb2+ {[%emt 0:00:01] KR-KR} 37. Kf3 Kg6 38. Ra8 Rc2 39. Ra7 Rb2 40. Ra8 Rc2 41. Ra7 {[%emt 0:00:01] A rather calm draw.   Weighted Error Value: White=0.03 (flawless) /Black=0.02 (flawless)} 1/2-1/2

[Event "Superbet Blitz Poland 2023"]
[Site "Warsaw"]
[Date "2023.05.24"]
[Round "2"]
[White "So, Wesley"]
[Black "Carlsen, Magnus"]
[Result "1-0"]
[ECO "B01"]
[WhiteElo "2760"]
[BlackElo "2853"]
[Annotator "TA"]
[PlyCount "117"]
[EventDate "2023.05.24"]
[EventType "tourn"]
[EventCountry "POL"]
[SourceTitle "playchess.com"]
[Source "ChessBase"]
[SourceQuality "1"]
[TimeControl "300+2"]

1. e4 d5 2. exd5 Qxd5 3. Nc3 Qa5 4. d4 Nf6 5. Nf3 Bf5 6. Bd2 e6 {[%emt 0:00:03] B01: Scandinavian Defence.} 7. Bc4 Bb4 {[%emt 0:00:02] is more profitable than 7...c6 at the moment.} 8. a3 Bxc3 {[%emt 0:00:02] The position is equal.} 9. Bxc3 Qb6 10. d5 Nbd7 11. dxe6 Bxe6 12. Bxe6 Qxe6+ 13. Qe2 Qxe2+ 14. Kxe2 O-O-O 15. Rhe1 Nd5 {[%emt 0:00:43] [#]} 16. Bd4 $146 ({Predecessor:} 16. Bd2 Nc5 17. Kf1 Rhe8 18. Rxe8 Rxe8 19. Re1 Rxe1+ 20. Kxe1 Kd7 21. Ke2 f6 22. c4 Nb6 23. Be3 Ne6 {½-½ Thavandiran,S (2410)-Naroditsky,D (2616) Bay Area op Burlingame 2019 (2)}) 16... f6 17. b3 ({Don't play} 17. Bxa7 b6 18. Kf1 Kb7 $17) 17... c5 18. Bb2 Nb8 19. Kf1 Nc6 20. Rad1 Nde7 21. g4 Rxd1 22. Rxd1 Rd8 23. Re1 Kd7 (23... b6 $11) 24. g5 $14 Rf8 25. gxf6 gxf6 26. Nd2 $1 {[%emt 0:00:01] White is more active.} f5 {[%emt 0:00:16] Inhibits Ne4.} 27. Nf3 b6 (27... Rg8 $14) 28. Ng5 h6 29. Rd1+ Kc8 30. Bg7 {[%emt 0:00:07] Repels hxg5} (30. Ne6 $142 Rg8 31. Rd6) 30... Rg8 $16 31. Bxh6 Nd4 {[%emt 0:00:03] Inhibits Nf3.} 32. h4 (32. c3 $16 Nb5 33. Rd3) 32... Rh8 {[%emt 0:00:04] A mistake that costs the game.} (32... Nxc2 $14 33. Nf7 Nc6) 33. Bg7 $18 Rxh4 {[%emt 0:00:01] White must now prevent ...Rh1+.} 34. Bxd4 cxd4 {[%emt 0:00:01][%mdl 4096] Endgame [#] KRN-KRN} 35. Nf3 $1 Rh1+ 36. Ke2 Rxd1 37. Kxd1 {[%emt 0:00:01] KN-KN} d3 {[%emt 0:00:01] [#]} 38. c4 ({Don't take} 38. cxd3 $6 Kd7 $16) 38... Nc6 (38... Ng6 $142 39. Kd2 Nf4) 39. Kd2 Na5 (39... Kc7 $142 40. Kxd3 a5) 40. Nd4 (40. Kxd3 Nxb3 41. Nh4 f4 $16) 40... Kd7 41. Kxd3 {[%emt 0:00:02] Hoping for b4.} ({Less strong is} 41. Nxf5 Nxb3+ 42. Kxd3 Nc5+ 43. Ke3 Na4 $16) 41... Kd6 (41... Nb7 $142 42. Nxf5 Nc5+ 43. Kc2 Ne4) 42. b4 Nb7 43. Nxf5+ Ke5 44. Nd4 a5 45. Ne2 axb4 46. axb4 Nd8 47. f4+ Kf5 48. Ke3 Ke6 49. Ke4 (49. Nd4+ $142 Kd7 50. Ke4 Nf7 51. Nf5 Kc6 52. Ne3 Nd8 53. f5 Nf7 54. Kd4) 49... Nf7 50. Nd4+ (50. c5 $142 bxc5 51. bxc5 Nh8 52. Nd4+ Kd7 53. Kd5 Ng6 54. c6+ Kc8 55. f5) 50... Kd6 51. Kf5 Nh6+ 52. Kg5 Ng8 53. Nf5+ Ke6 54. Ne3 Nf6 55. f5+ Kf7 56. Kf4 Nd7 57. Ng4 (57. Nd5 $142 Ke8 58. b5) 57... Nb8 58. b5 Ke7 59. Ne5 {[%emt 0:00:01] Weighted Error Value: White=0.11 (very precise) /Black=0.61} 1-0

[Event "Superbet Blitz Poland 2023"]
[Site "Warsaw"]
[Date "2023.05.24"]
[Round "2"]
[White "Vachier-Lagrave, Maxime"]
[Black "Rapport, Richard"]
[Result "1-0"]
[ECO "C15"]
[WhiteElo "2742"]
[BlackElo "2745"]
[Annotator "TA"]
[PlyCount "103"]
[EventDate "2023.05.24"]
[EventType "tourn"]
[EventCountry "POL"]
[SourceTitle "playchess.com"]
[Source "ChessBase"]
[SourceQuality "1"]
[TimeControl "300+2"]

1. e4 e6 2. d4 d5 3. Nc3 Bb4 4. Nge2 dxe4 5. a3 Be7 6. Nxe4 Nd7 7. Bf4 Ngf6 8. N2c3 O-O {[%emt 0:00:06] C15: French: 3 Nc3 Bb4: Unusual White 4th moves.} 9. Bd3 Nxe4 10. Nxe4 Nf6 {[%emt 0:00:04] The position is equal.} 11. Nxf6+ $1 Bxf6 12. c3 (12. Qh5 g6 13. Qf3 Qxd4 $15) 12... Bd7 13. Qc2 {[%emt 0:00:15] [#]} (13. Qf3 {is interesting.} Bc6 14. Qg3 Bh4 15. Qh3) 13... h6 $146 ({Predecessor:} 13... g6 14. Be4 c6 15. O-O Re8 16. Be5 Qe7 17. Rad1 Rad8 18. Rd3 Bg7 19. Rfd1 Bc8 {1-0 Sendera,J (2334)-Stysiak,S (2260) POL-chT1 Chotowa 2007 (4)}) 14. Bh7+ Kh8 15. Be4 Rb8 16. h4 Bc6 17. O-O-O Be7 (17... Bxh4 $5 18. Bxc6 bxc6 $11) 18. Kb1 Bd6 {[%emt 0:00:07] [#]} 19. Bg5 Bxe4 20. Qxe4 (20. Bxd8 $2 Bxc2+ 21. Kxc2 Rfxd8 $19) 20... Qd7 21. c4 Qa4 (21... hxg5 $2 22. hxg5+) 22. c5 Bxc5 23. Bxh6 gxh6 (23... Bxa3 $11 24. Qe5 f6 25. Bxg7+ {[%mdl 64] Decoy} Kxg7 26. Qg3+ Kf7 27. bxa3 (27. Qxa3 Qxa3 28. bxa3 Rg8 $11) 27... Rbd8) 24. Qe5+ $14 f6 ({Better is} 24... Kh7 $14 25. Qxc5 (25. dxc5 Rbd8 $11) 25... Rbd8) 25. Qxc5 $16 Qd7 26. d5 b6 27. Qe3 Qh7+ 28. Ka1 $1 {[%emt 0:00:01] Active counter play!} exd5 29. Rxd5 Rbe8 30. Qd2 Re7 {[%emt 0:00:07] Repels Rd7} 31. g4 Qg6 32. g5 fxg5 $2 (32... Kg7 $16 33. h5 Qe4 34. gxh6+ Kh8) 33. hxg5 $18 h5 34. f4 Kg8 35. Rd4 {[%emt 0:00:32] Dodges Qe4} Ref7 $2 (35... Rfe8 {might work better.} 36. Qd1 Qc6) 36. Re1 h4 37. Rh1 Rh7 38. Qg2 {[%emt 0:00:05] And now Qd5+ would win.} Qf5 39. Rh3 $2 (39. Qf3 $1 $18) 39... Re8 (39... Re7 $14) 40. Rd1 (40. Qc6 $142 $1 Re1+ 41. Ka2 Qe6+ 42. Qxe6+ Rxe6 43. Rd8+ Kg7 44. Rd7+ Kh8 45. Rxh7+ Kxh7 46. Rxh4+ Kg7 47. f5) 40... Qxf4 $2 (40... Rd7 $16 41. Rhh1 Rxd1+ 42. Rxd1 Re4) 41. g6 $2 (41. Qd5+ $18 {is the precise move to win.} Kh8 42. g6) 41... Rhe7 $16 {[%emt 0:00:01] [#]} 42. Qd5+ (42. Rhh1 $1 $18) 42... Kg7 $1 $11 43. Rf3 Qg4 (43... Qd6 $1 $15 44. Rf7+ Kh6 45. Qxd6 (45. Qd4 $2 Qxd4 46. Rxd4 Re1+ 47. Ka2 Kxg6 $17) 45... cxd6 46. Rxd6 Kg5) 44. Rf7+ $18 Kh6 {[%emt 0:00:02][%cal Og4d1] White must now prevent ...Qxd1+!} 45. Qd2+ ({Wrong is} 45. Qd4 $2 Qxd1+ 46. Qxd1 Re1 $19) 45... Kxg6 {[%emt 0:00:03] [#]} 46. Rff1 {[%emt 0:00:06] Rg1 is the strong threat.} Kh7 47. Rg1 ({But not} 47. Rf6 $2 Qxd1+ 48. Qxd1 Re1 $19) 47... Qf5 (47... Qh5 48. Rh1 Re4) 48. Rdf1 Qh5 49. Qd3+ Kh8 50. Rf5 (50. Qd4+ $142 Kh7 51. Qd3+ Kh8 52. Rf5 Qxf5 53. Qxf5 Re1+ 54. Rxe1 Rxe1+ 55. Ka2) 50... Re1+ 51. Ka2 Qe2 52. Qxe2 {[%emt 0:00:03] Excellently played by Vachier-Lagrave!   Weighted Error Value: White=0.45/Black=0.57} 1-0

[Event "Superbet Blitz Poland 2023"]
[Site "Warsaw"]
[Date "2023.05.24"]
[Round "2"]
[White "Duda, Jan-Krzysztof"]
[Black "Giri, Anish"]
[Result "1/2-1/2"]
[ECO "D53"]
[WhiteElo "2724"]
[BlackElo "2768"]
[Annotator "TA"]
[PlyCount "89"]
[EventDate "2023.05.24"]
[EventType "tourn"]
[EventCountry "POL"]
[SourceTitle "playchess.com"]
[Source "ChessBase"]
[SourceQuality "1"]
[TimeControl "300+2"]

1. d4 d5 2. c4 c6 3. Nc3 Nf6 4. Nf3 e6 5. Bg5 h6 6. Bh4 Nbd7 7. e3 Be7 8. Bd3 {[%emt 0:00:34] 8.Qc2 is the fancy move.} dxc4 9. Bxc4 b5 10. Bd3 {[%emt 0:00:03] D53: Queen's Gambit Declined: 4 Bg5 Be7: Early deviations.} Bb7 11. a3 a5 12. O-O O-O 13. Qc2 Rc8 14. Rfd1 b4 {[%emt 0:00:27] [#]} 15. Bxf6 $146 ({Predecessor:} 15. axb4 axb4 16. Ne4 Nxe4 17. Bxe7 Qxe7 18. Bxe4 f5 19. Bd3 c5 20. Qe2 Bxf3 21. Qxf3 {0-1 Maldonado Pacheco,J (1975)-Triay Moll,L ESP AEAC W/P/010 email 2007}) 15... Nxf6 16. Ne4 (16. Na4 $5 ) 16... c5 {[%emt 0:00:08] The position is equal.} 17. dxc5 {[%emt 0:00:04] [#] Black must now prevent Nxf6+.} Bxe4 18. Bxe4 Qc7 19. axb4 axb4 20. c6 {[%emt 0:00:05] [#]} b3 $1 21. Qc4 Nxe4 {[%emt 0:00:01][%mdl 64] Remove Defender} 22. Qxe4 {[%emt 0:00:02] And now Rd7 would win.} Qxc6 23. Qxc6 Rxc6 24. Rd3 Rb6 25. Nd2 Bf6 26. Rb1 Rfb8 27. Kf1 g6 28. Ke2 Kg7 29. Ne4 Rc6 30. Nxf6 {[%emt 0:00:06] Strongly threatening Ne4.} Kxf6 $11 {[%emt 0:00:01][%mdl 4096] Endgame KRR-KRR} 31. Rbd1 Rc2+ 32. R1d2 Rb7 33. Kd1 Rcc7 34. h4 h5 35. g3 Ke7 36. Ke2 Rc2 37. Kf3 Rc4 38. Rd4 Rc2 39. R4d3 Rc4 40. Ke2 Rc2 41. Ke1 Rc1+ 42. Rd1 Rc2 43. R1d2 Rc1+ 44. Rd1 Rc2 45. R1d2 {An interesting draw.   Weighted Error Value: White=0.04 (flawless) /Black=0.02 (flawless)} 1/2-1/2

[Event "Superbet Blitz Poland 2023"]
[Site "Warsaw"]
[Date "2023.05.24"]
[Round "2"]
[White "Deac, Bogdan-Daniel"]
[Black "Wojtaszek, Radoslaw"]
[Result "0-1"]
[ECO "A13"]
[WhiteElo "2700"]
[BlackElo "2670"]
[Annotator "TA"]
[PlyCount "92"]
[EventDate "2023.05.24"]
[EventType "tourn"]
[EventCountry "POL"]
[SourceTitle "playchess.com"]
[Source "ChessBase"]
[SourceQuality "1"]
[TimeControl "300+2"]

1. Nf3 d5 2. e3 Nf6 3. c4 e6 4. b3 c5 5. Bb2 Nc6 6. cxd5 exd5 7. Bb5 Bd6 8. O-O O-O {[%emt 0:00:02] A13: English Opening: 1...e6.} 9. h3 Bf5 $5 {[%emt 0:00:09][%mdl 4] [#] Leaves trodden paths.} 10. Nc3 $146 ({Predecessor:} 10. d4 cxd4 11. Nxd4 Nxd4 12. Qxd4 Rc8 13. Nc3 a6 14. Be2 Re8 15. Bf3 Be5 16. Qd2 {½-½ Utegaliev,A (2495)-Savchenko,B (2567) Voronezh op-A 23rd 2019 (7)}) 10... Rc8 {[%emt 0:00:08] The position is equal.} 11. Na4 (11. d4 $11) 11... a6 12. Be2 (12. Bxc6 $15 Rxc6 13. b4) 12... b5 (12... d4 $17 {White must now prevent ...d3.} 13. exd4 cxd4 14. Bxd4 Bh2+ 15. Kxh2 Nxd4) 13. Bxf6 $1 $15 Qxf6 14. Nb6 {[%emt 0:00:11][%csl LRc8,LRd5] White is weak on the dark squares} Rcd8 $1 {[%emt 0:00:20] [#] aiming for ...Bc7.} 15. Nxd5 Qe6 16. Nc3 Ne5 {[%emt 0:00:01][%mdl 1024] Black has compensation.} 17. Ng5 Qh6 (17... Qe7 $5 18. f4 Bc7 $11) 18. f4 Be7 {[%emt 0:00:25] A strong pair of Bishops.} 19. Nge4 ({Much worse is} 19. fxe5 Qxg5 20. h4 Qg6 $15) 19... Nd3 20. Ng3 (20. Qb1 $5 Nb4 21. Bg4 Bxg4 22. hxg4 $11) 20... Bc8 21. Bf3 (21. Qb1 $11 {should be considered.} c4 22. bxc4 bxc4 23. Bf3) 21... Bh4 22. Nge2 Be6 (22... Qg6 $15) 23. Ne4 (23. Nc1 $11) 23... f5 24. N4c3 (24. Ng5 $15) 24... Rfe8 (24... Bf6 $17 25. Rb1 Rd7) 25. Rb1 (25. Nc1 $11) 25... Bf6 (25... Rd6 $17) 26. a3 (26. a4 $11 {remains equal.}) 26... Qg6 {[%emt 0:00:04] Black has more active pieces.} ({Black should try} 26... Rd6 $17 27. b4 cxb4 28. axb4 Red8) 27. Kh2 Qf7 28. Qc2 $1 Qd7 {[%emt 0:00:06] Wards off Bc6} 29. Ng3 g6 30. Nce2 h5 31. Nh1 (31. Nc1 $17 {was necessary.}) 31... c4 $19 32. b4 Bd5 ({Black should play} 32... h4 $19 33. Nc3 g5 34. fxg5 (34. Nf2 $2 Nxf2 35. Rxf2 g4 $19) 34... Be5+ 35. Kg1 Qe7) 33. Rbd1 $2 {[%emt 0:00:02][%mdl 8192] [#] This costs White the game.} (33. Bxd5+ $17 Qxd5 34. Nc3) 33... Bxf3 34. Rxf3 Nb2 {[%emt 0:00:01] Black is clearly winning.} 35. Rc1 Qxd2 36. Nhg3 (36. Nd4 $142 Qxc2 37. Nxc2) 36... h4 (36... Rxe3 $2 37. Qxd2 Rxd2 38. Rxe3 $18) 37. Nf1 Qxc2 38. Rxc2 Nd3 39. Ra2 c3 {[%emt 0:00:11] Against Nd2} 40. Nd4 Ne1 {[%emt 0:00:05] Prevents Nc2} 41. Rff2 Bxd4 42. exd4 Rxd4 43. g3 c2 44. Raxc2 Nxc2 45. Rxc2 Re1 46. Kg2 hxg3 {[%emt 0:00:01] Weighted Error Value: White=0.50/Black=0.23 (precise)} 0-1